 Dungeon Crawl Stone Soup version 0.29.1-15-g9cfb28693d (webtiles) character file.

Game seed: 11237004738621099434

4593 101zpm the Thaumaturge (level 10, -5/62 HPs)
             Began as a Djinni Fire Elementalist on Mar 7, 2023.
             Killed from afar by an acid dragon (15 damage)
             ... with a splash of acid
             ... on level 9 of the Dungeon.
             The game lasted 00:42:40 (14196 turns).

101zpm the Thaumaturge (Djinni Fire Elementalist)  Turns: 14196, Time: 00:42:42

Health: -5/62      AC:  3    Str:  7    XL:     10   Next: 68%
Gold:   596        EV: 11    Int: 20    God:
                   SH:  9    Dex: 15

rFire   + + +      SeeInvis .   d - +2 flail (protect)
rCold   x . .      Faith    .   q - +2 kite shield
rNeg    . . .      Spirit   .   p - +1 robe {rF+}
rPois   ∞          Reflect  .   (no helmet)
rElec   .          Harm     .   o - scarf {+Inv}
rCorr   .          Rampage  .   (no gloves)
Will    +....                   (boots unavailable)
Stlth   +++.......              (no amulet)
HPRegen 0.20/turn               (no ring)
MPRegen 0.00/turn               (no ring)

@: flying
A: sickness immunity, fire resistance 2, cold vulnerability 1, float, innate
caster, HP casting, extra vitality 1
a: Evoke Invisibility


You were on level 9 of the Dungeon.
You visited 1 branch of the dungeon, and saw 9 of its levels.
You also visited: Sewer.

You collected 596 gold pieces.

Inventory:

Hand Weapons
 d - a +2 flail of protection (weapon)
Missiles
 A - a throwing net
Armour
 a - a +0 robe
 o - a scarf of invisibility (worn)
 p - a +1 robe of fire resistance (worn)
 q - a +2 kite shield (worn)
 u - a +0 cloak
Jewellery
 s - a ring of flight
 z - a ring of positive energy
Wands
 e - a wand of charming (36)
 n - a wand of digging (11)
 v - a wand of polymorph (6)
Scrolls
 b - 2 scrolls of blinking
 c - 2 scrolls of fog
 h - 2 scrolls of enchant armour
 t - 4 scrolls of enchant weapon
 w - 3 scrolls of identify
 x - a scroll of magic mapping {unknown}
 y - 4 scrolls of teleportation
Potions
 f - 2 potions of mutation {unknown}
 g - 4 potions of heal wounds {unknown}
 i - 2 potions of lignification {unknown}
 j - 2 potions of magic {unknown}
 k - a potion of degeneration {unknown}
 l - a potion of flight {unknown}
 m - a potion of curing {unknown}
 r - a potion of attraction {unknown}


   Skills:
 + Level 1.2 Fighting
 + Level 2.8 Dodging
 + Level 3.9 Stealth
 + Level 0.6 Shields
 + Level 11.2 Spellcasting


You had 8 spell levels left.
You knew the following spells:

 Your Spells              Type           Power      Damage    Failure   Level
a - Foxfire               Conj/Fire      100%       2x1d9     1%          1
b - Scorch                Fire           100%       2d10      1%          2
c - Conjure Flame         Conj/Fire      54%        6-21      1%          3
d - Inner Flame           Hex/Fire       54%        N/A       1%          3
e - Flame Wave            Conj/Fire      54%        2d13      2%          4
f - Necrotise             Necr           100%       1d9       1%          1
g - Blink                 Tloc           100%       N/A       1%          2
h - Tukima's Dance        Hex            54%        N/A       1%          3
i - Cause Fear            Hex            27%        N/A       2%          4
Your spell library was empty.

Dungeon Overview and Level Annotations

Branches:
Dungeon (9/15)             Temple (0/1) D:4             Orc (0/2) D:9
  Sewer (visited)
   Lair: D:8-11

Altars:
Cheibriados
Hepliaklqana
Makhleb
Nemelex Xobeh
Okawaru
Trog
Wu Jian
Xom
The Shining One

Shops:
D:7 !   D:9 (

Annotations:
D:3 4 runed translucent doors, Crazy Yiuf; grerr's ghost, amateur FoFi


Innate Abilities, Weirdness & Mutations

You are immune to sickness and miasma.
You are immune to poison.
Your flesh is very heat resistant. (rF++)
You are vulnerable to cold. (rC-)
You float through the air rather than walking.
You learn spells naturally, not from books.
Your magical power is your life essence.
You have superior vitality. (+4 MHP)


Message History

Flame seeps out of the hornet.
The hornet is almost dead.
The foxfire hits the hornet but does no damage.
The hornet is almost dead.
The hornet is engulfed in blazing flames.
Flame seeps out of the hornet.
Casting: Foxfire (safe; 1% risk of failure)
Press: ? - help, Q - select action, (/) - cycle Dir - look around, f - activate You conjure some foxfire!
The hornet stings you.
The hornet stings you but does no damage.
The hornet is no longer more vulnerable to fire.
The foxfire hits the hornet.
Flame seeps out of the hornet.
The hornet is almost dead.
The foxfire hits the hornet but does no damage.
The hornet is almost dead.
The hornet is engulfed in blazing flames.
The hornet explodes!
Casting: Foxfire (safe; 1% risk of failure)
Confirm with . or Enter, or press ? or * to list all spells.
Aiming: Inner Flame (safe; 1% risk of failure)
Press: ? - help, Dir - move target, f - acid dragon
Aim: an acid dragon (heavily wounded, chance to affect: 94%)
The acid dragon barely resists.
Casting: Inner Flame (safe; 1% risk of failure)
Confirm with . or Enter, or press ? or * to list all spells.
Aiming: Inner Flame (safe; 1% risk of failure)
Press: ? - help, Dir - move target, f/p - acid dragon
Aim: an acid dragon (heavily wounded, chance to affect: 94%)
The acid dragon is filled with an inner flame.
The acid dragon spits acid at you. The splash of acid hits you!!
* * * LOW HITPOINT WARNING * * *
Casting: Foxfire (safe; 1% risk of failure)
Press: ? - help, Q - select action, (/) - cycle Dir - look around, f - activate You conjure some foxfire!
* * * LOW HITPOINT WARNING * * *
The acid dragon spits acid at you. The splash of acid hits you!
You die...

#...# #........# #...#
#........#
#...####........#
#...............#
##########'###........#
.............#..###...#
.............#..###...#
.............#...v....#
.............#..@v....#
.............#§§......#
####'#########.§......#
.............D.§......#
.............######...#
####..####..## ..?#
####.......## ..#
...........# ..#
...........'.D.>..


You could see an acid dragon (inner flame, catching breath, ally target).

Vanquished Creatures
  Pikel (D:7)
  A hornet (D:9)
  Eustachio (D:4)
  A wyvern (D:9)
  2 vampire mosquitoes (D:8)
  Duvessa (D:4)
  An orc warrior (D:9)
  3 black bears (D:4)
  3 ice beasts
  A sky beast (D:7)
  An ogre (D:7)
  3 centaurs
  2 phantoms
  2 kobold brigands
  A gnoll sergeant (D:9)
  3 bullfrogs
  A necrophage (D:4)
  A scorpion (D:7)
  12 wights
  Dowan (D:4)
  An orc priest (D:8)
  4 hounds
  5 iguanas
  Ijyb (D:4)
  8 orc wizards
  14 gnolls
  10 adders
  2 river rats
  3 white imps
  2 ufetubi
  8 worms
  5 dart slugs
  36 orcs
  6 ball pythons
  9 bats
  6 endoplasms
  6 giant cockroaches
  14 goblins
  4 hobgoblins
  2 jackals (D:1)
  8 frilled lizards
  31 kobolds
  12 rats
239 creatures vanquished.

Vanquished Creatures (collateral kills)
  4 foxfires (D:7)
4 creatures vanquished.

Vanquished Creatures (others)
  695 foxfires
  88 plants
783 creatures vanquished.

Grand Total: 1026 creatures vanquished

Notes
Turn   | Place    | Note
-------+----------+-------------------------------------------
     0 | D:1      | 101zpm the Djinni Fire Elementalist began the quest for the
                  | Orb.
     0 | D:1      | 101zpm set off with the following spells memorised:
                  | Foxfire, Scorch, Conjure Flame, Inner Flame, Flame Wave.
     0 | D:1      | Reached XP level 1. HP: 15/15 MP: 0/0
   325 | D:1      | Reached XP level 2. HP: 18/21 MP: 0/0
  1032 | D:2      | Reached skill level 3 in Spellcasting
  1110 | D:2      | Reached XP level 3. HP: 23/25 MP: 0/0
  1110 | D:2      | Learned a level 1 spell: Necrotise
  1572 | D:3      | Found a runed translucent gate.
  1572 | D:3      | Found a runed translucent gate.
  1572 | D:3      | Found a runed translucent gate.
  1573 | D:3      | Noticed grerr's ghost (amateur FoFi)
  1686 | D:3      | Found a shimmering altar of Xom.
  1726 | D:3      | Reached XP level 4. HP: 3/31 MP: 0/0
  2318 | D:3      | Reached XP level 5. HP: 12/35 MP: 0/0
  2318 | D:3      | Learned a level 2 spell: Blink
  2338 | D:3      | Reached skill level 4 in Spellcasting
  2965 | D:3      | Reached XP level 6. HP: 35/40 MP: 0/0
  3046 | D:3      | Found a runed translucent door.
  3047 | D:3      | Noticed Crazy Yiuf
  3395 | D:4      | Noticed Eustachio
  3398 | D:4      | Noticed a black bear
  3399 | D:4      | Killed Eustachio
  3400 | D:4      | Reached skill level 5 in Spellcasting
  3404 | D:4      | Killed a black bear
  3405 | D:4      | Reached XP level 7. HP: 26/45 MP: 0/0
  3405 | D:4      | Learned a level 3 spell: Tukima's Dance
  3645 | D:4      | Noticed Duvessa
  3650 | D:4      | Noticed Ijyb
  3655 | D:4      | Noticed Dowan
  3656 | D:4      | Killed Ijyb
  4389 | D:4      | Reached skill level 6 in Spellcasting
  4408 | D:4      | Killed Duvessa
  4409 | D:4      | Reached XP level 8. HP: 11/50 MP: 0/0
  4421 | D:4      | Killed Dowan
  4953 | D:4      | Found a staircase to the Ecumenical Temple.
  5150 | D:4      | Reached skill level 7 in Spellcasting
  7265 | D:5      | Entered Level 5 of the Dungeon
  7982 | D:6      | Found a glowing drain.
  7998 | Sewer    | Entered a sewer
  8611 | Sewer    | Reached XP level 9. HP: 45/55 MP: 0/0
  8611 | Sewer    | Learned a level 4 spell: Cause Fear
  9303 | D:6      | Found a bloodstained altar of Trog.
  9309 | D:6      | Reached skill level 8 in Spellcasting
  9512 | D:6      | Found a sparkling altar of Nemelex Xobeh.
  9856 | D:6      | Found a glowing golden altar of the Shining One.
 10811 | D:7      | Found a snail-covered altar of Cheibriados.
 10868 | D:7      | Reached skill level 9 in Spellcasting
 11274 | D:7      | Found Lamimytt's Distillery.
 11665 | D:7      | Noticed Pikel
 11671 | D:7      | Killed Pikel
 11672 | D:7      | Reached skill level 10 in Spellcasting
 11672 | D:7      | Reached XP level 10. HP: 40/60 MP: 0/0
 12705 | D:8      | Found an iron altar of Okawaru.
 13412 | D:9      | Reached skill level 1 in Fighting
 13421 | D:9      | Reached skill level 11 in Spellcasting
 13749 | D:9      | Found a staircase to the Orcish Mines.
 13754 | D:9      | Found Qetehuts's Weapon Shoppe.
 13906 | D:9      | Found an ornate altar of the Wu Jian Council.
 13923 | D:9      | Found a hazy altar of Hepliaklqana.
 13939 | D:9      | Found a burning altar of Makhleb.
 14196 | D:9      | Killed from afar by an acid dragon

Illustrated notes

Levels and vault maps discovered:
D:1:      lightli_molten_gateway, layout_loops_ring
D:2:      cheibrodos_helix_gallery, layout_basic, chequers_serial_rivers_micro_d
D:3:      layout_loops_cross, mainiacjoe_overflow_chevrons,
          gammafunk_ghost_split, uniq_crazy_yiuf_cottage
D:4:      layout_rooms, temple_fountains, serial_bayou, serial_bayou_lagoon_b,
          serial_bayou_ford_a, serial_bayou_crossing, serial_bayou_pond_b,
          uniq_ijyb, uniq_duvessa, uniq_eustachio
D:5:      layout_rooms, nicolae_overflow_crystal_walls,
          chequers_serial_rivers_room_b, lightli_corner_chamber, uniq_edmund
D:6:      layout_loops_ring, nemelex_diamond_rough_becter,
          mainiacjoe_overflow_catwalk, mainiacjoe_overflow_alcove_2,
          portal_sewer_entry_e, minmay_misc_feat_tower
D:7:      kennysheep_kobold_camp, layout_rooms, kennysheep_mini, serial_shops,
          shop_statue, minmay_misc_feat_roman, uniq_pikel
D:8:      layout_gridville, mainiacjoe_overflow_brackets, enter_bailey_3
D:9:      layout_stronghold, nicolae_overflow_quartered_altars, orc_david_3,
          kennysheep_small_circle

Skill      XL: |  1  2  3  4  5  6  7  8  9 10 |
---------------+-------------------------------+-----
Spellcasting   | 3 4 5 6 7 10 11 | 11.2
Stealth        | 2 3 |  3.9
Fighting       | 1 |  1.2
Dodging        | |  2.8
Shields        | |  0.6

Action                   |  1- 3 |  4- 6 |  7- 9 | 10-12 || total
-------------------------+-------+-------+-------+-------++-------
Melee: Unarmed           |       |       |       |    23 ||    23
 Cast: Foxfire           |    67 |    36 |   252 |    60 ||   415
       Scorch            |     8 |    13 |    50 |    22 ||    93
       Inner Flame       |     6 |    13 |   130 |    41 ||   190
       Blink             |       |     1 |     5 |    16 ||    22
       Flame Wave        |       |       |     1 |       ||     1
       Tukima's Dance    |       |       |       |     1 ||     1
  Use: Scroll            |       |       |     7 |     4 ||    11
Armor: Robe              |       |       |     4 |     4 ||     8
Dodge: Dodged            |     2 |     2 |    12 |     6 ||    22
Block: Kite shield       |       |       |     7 |    11 ||    18
